 Dungeon Crawl Stone Soup version 0.29.0-4-gdea44cf6ec (webtiles) character file.

Game seed: 10954840795214320984

270 qw the Ruffian (level 6, -5/48 HPs)
             Began as a Ghoul Enchanter on Sept 5, 2022.
             Slain by an orc warrior
             ... wielding a +0 long sword
              (11 damage)
             ... on level 4 of the Dungeon.
             The game lasted 00:01:48 (3845 turns).

qw the Ruffian (Ghoul Enchanter)                    Turns: 3845, Time: 00:01:49

Health: -5/48      AC:  8    Str: 14    XL:     6   Next: 22%
Magic:  7/7        EV:  6    Int: 10    God:
Gold:   32         SH:  0    Dex:  9    Spells: 8/8 levels left

rFire   . . .      SeeInvis .     - Unarmed
rCold   + . .      Faith    .   (no shield)
rNeg    + + +      Spirit   .   c - +0 chain mail
rPois   inf        Reflect  .   (no helmet)
rElec   .          Harm     .   (no cloak)
rCorr   .          Rampage  .   (no gloves)
Will    .....                   (no boots)
Stlth   ..........              (no amulet)
HPRegen 0.00/turn               (no ring)
MPRegen 0.10/turn               (no ring)

@: about to teleport, inhibited regen
A: claws 1, cold resistance 1, negative energy resistance 3, inhibited
regeneration, torment resistance 2, devour on kill
a: no special abilities


You were on level 4 of the Dungeon.
You visited 1 branch of the dungeon, and saw 4 of its levels.

You collected 74 gold pieces.
You spent 42 gold pieces at shops.


Innate Abilities, Weirdness & Mutations

You are immune to poison.
You have sharp fingernails.
Your flesh is cold resistant. (rC+)
You are immune to negative energy. (rN+++)
You do not regenerate when monsters are visible.
You are immune to unholy pain and torment.
You thrive by killing the living.


   Skills:
 - Level 2.0 Fighting
 - Level 0.8 Short Blades
 - Level 1.1 Armour
 - Level 1.7 Dodging
 - Level 3.2 Stealth
 + Level 5.7 Unarmed Combat
 - Level 1.7 Spellcasting
 - Level 2.4 Hexes


You had 8 spell levels left.
You didn't know any spells.
Your spell library contained the following spells:

 Spells                   Type           Power      Damage    Failure   Level
 Ensorcelled Hibernation  Hex/Ice        6%         N/A       100%        2
 Confusing Touch          Hex            5%         N/A       100%        3
 Dazzling Flash           Conj/Hex       6%         N/A       100%        3
 Tukima's Dance           Hex            5%         N/A       100%        3

Inventory:

Armour
 c - a +0 chain mail (worn)
 g - a +1 chain mail of cold resistance
Scrolls
 a - a scroll of identify
 i - 2 scrolls of teleportation
Potions
 b - a potion of might
 d - a potion of haste
 e - a potion of heal wounds
 f - 2 potions of curing
 h - a potion of mutation
 l - a potion of flight {unknown}

Dungeon Overview and Level Annotations

Branches:
Dungeon (4/15)
 Temple: D:4-7

Altars:
Gozag
Nemelex Xobeh
Uskayaw

Shops:
D:2 *


Message History

You feel better.
Items here: %%% ( ).
Found an opulent altar of Gozag.
An orc warrior, an orc and an orc priest come into view.
The orc warrior shouts!
The orc priest shouts!
You hear a shout!
An orc comes into view. It is wielding a +2 whip of flaming.
The orc moves out of view.
3835 ||| Stepping ~*~*~tactically~*~*~ (hiding).
The orc priest closely misses you.
You scratch the orc priest.
The orc priest is lightly wounded.
You scratch the orc warrior. Your claw misses the orc warrior.
The orc warrior is lightly wounded.
You scratch the orc warrior.
The orc warrior is moderately wounded.
You scratch the orc warrior but do no damage.
The orc warrior is moderately wounded.
The orc warrior hits you but does no damage.
You scratch the orc warrior but do no damage.
The orc warrior is moderately wounded.
The orc priest closely misses you.
The orc warrior hits you with a +0 long sword!
You scratch the orc warrior but do no damage.
The orc warrior is moderately wounded.
The orc priest barely misses you.
The orc warrior hits you with a +0 long sword!
You barely miss the orc warrior.
The orc warrior is moderately wounded.
The orc warrior hits you with a +0 long sword.
The orc priest barely misses you.
You barely miss the orc warrior.
The orc warrior is moderately wounded.
The orc warrior hits you with a +0 long sword!
The orc priest hits you but does no damage.
3845 ||| READING 3 scrolls of teleportation.
As you read the scroll of teleportation, it crumbles to dust.
You feel strangely unstable. The orc priest barely misses you.
The orc warrior hits you with a +0 long sword!
You die...

# .## . .# ..#
# . #...###.#
.#.. .. .#..
..##....# ...
.#_ #oooo....
.#.#.. #@#
.....##.#
##..#.#..#
./.##..## #
#.#..##
##.####..##
........)#
....#.#..#
##.....########


You could see an orc warrior, an orc priest and 2 orcs.

Vanquished Creatures
  A scorpion (D:4)
  2 orc wizards (D:3)
  7 adders
  4 worms
  2 dart slugs
  4 orcs
  8 ball pythons
  9 endoplasms
  7 giant cockroaches
  7 goblins
  6 hobgoblins
  7 kobolds
  3 quokkas
  7 bats
  2 frilled lizards (D:3)
  6 rats
82 creatures vanquished.

Vanquished Creatures (others)
  5 plants (D:4)
5 creatures vanquished.

Grand Total: 87 creatures vanquished

Notes
Turn   | Place    | Note
-------+----------+-------------------------------------------
     0 | D:1      | qw the Ghoul Enchanter began the quest for the Orb.
     0 | D:1      | Reached XP level 1. HP: 14/14 MP: 2/2
     0 | D:1      | 0 ||| qw: Version: 0.1-a-104-g96f76f8
     0 | D:1      | 0 ||| qw: Game counter: 5954
     0 | D:1      | 0 ||| qw: Always use a shield: true
     0 | D:1      | 0 ||| qw: God list: Okawaru
     0 | D:1      | 0 ||| qw: Allow faded altars: false
     0 | D:1      | 0 ||| qw: Do Orc after D:15 true
     0 | D:1      | 0 ||| qw: Do second Lair branch before Depths: true
     0 | D:1      | 0 ||| qw: Lair rune preference: random
     0 | D:1      | 0 ||| qw: Plans: Normal
     0 | D:1      | 0 ||| PLANNING D:1-11
     1 | D:1      | 1 ||| DROPPING +1 dagger.
   108 | D:1      | Found a faded altar of an unknown god.
   143 | D:1      | 143 ||| Stepping ~*~*~tactically~*~*~ (outnumbered).
   147 | D:1      | 147 ||| Stepping ~*~*~tactically~*~*~ (outnumbered).
   150 | D:1      | Reached skill level 1 in Unarmed Combat
   326 | D:1      | Reached skill level 1 in Fighting
   326 | D:1      | Reached XP level 2. HP: 15/23 MP: 3/3
   740 | D:1      | 740 ||| Stepping ~*~*~tactically~*~*~ (outnumbered).
   741 | D:1      | 741 ||| Stepping ~*~*~tactically~*~*~ (outnumbered).
   748 | D:1      | Reached skill level 2 in Unarmed Combat
   956 | D:1      | Reached XP level 3. HP: 15/28 MP: 4/4
  1654 | D:1      | 1654 ||| UPGRADING to +0 scale mail.
  1664 | D:1      | 1664 ||| DROPPING +0 robe.
  1665 | D:1      | 1665 ||| READING scroll labelled VIERGH OTUFUUTIAGO.
  1666 | D:1      | 1666 ||| READING 2 scrolls labelled TENLIUXARPH.
  1670 | D:1      | 1670 ||| READING scroll labelled ZUMOFR JIUL OFOSH.
  1671 | D:1      | 1671 ||| READING scroll labelled WIWORHE JA HUJ.
  1672 | D:1      | 1672 ||| READING scroll labelled ECWOMO CYHE.
  1673 | D:1      | 1673 ||| READING 2 scrolls labelled ZAOLEHUCOUW.
  1674 | D:1      | 1674 ||| DROPPING 2 potions of invisibility.
  1780 | D:2      | Reached skill level 3 in Unarmed Combat
  1969 | D:2      | Reached XP level 4. HP: 34/35 MP: 5/5
  2060 | D:2      | Found Plog's General Store.
  2067 | D:2      | 2067 ||| BUYING potion of curing (42 gold).
  2067 | D:2      | Bought a potion of curing for 42 gold pieces
  2067 | D:2      | 2067 ||| SHOPLISTING potion of heal wounds (70 gold, have
                  | 10).
  2067 | D:2      | 2067 ||| SHOPLISTING potion of might (56 gold, have 10).
  2235 | D:2      | 2235 ||| Stepping ~*~*~tactically~*~*~ (outnumbered).
  2412 | D:2      | Reached skill level 4 in Unarmed Combat
  2588 | D:2      | 2588 ||| UPGRADING to +0 chain mail.
  2598 | D:2      | 2598 ||| DROPPING +0 scale mail.
  2599 | D:2      | 2599 ||| READING scroll labelled URAIPU VETUCI.
  2600 | D:2      | 2600 ||| READING scroll labelled ENO ROCRUIHU.
  2601 | D:2      | 2601 ||| READING 2 scrolls of identify.
  2601 | D:2      | 2601 ||| IDENTIFYING sedimented emerald potion
  2602 | D:2      | 2602 ||| DROPPING potion of degeneration.
  2673 | D:3      | 2673 ||| Stepping ~*~*~tactically~*~*~ (hiding).
  2675 | D:3      | 2675 ||| Stepping ~*~*~tactically~*~*~ (hiding).
  2914 | D:3      | Found a hide-covered altar of Uskayaw.
  2915 | D:3      | 2915 ||| Stepping ~*~*~tactically~*~*~ (stealth).
  2926 | D:3      | Found a sparkling altar of Nemelex Xobeh.
  2990 | D:3      | 2990 ||| Stepping ~*~*~tactically~*~*~ (outnumbered).
  3184 | D:3      | HP: 8/36 [orc/+0 mace (3)]
  3185 | D:3      | 3185 ||| READING 4 scrolls of teleportation.
  3481 | D:3      | Reached skill level 1 in Armour
  3481 | D:3      | Reached XP level 5. HP: 40/41 MP: 6/6
  3488 | D:3      | 3488 ||| Stepping ~*~*~tactically~*~*~ (stealth).
  3489 | D:3      | 3489 ||| Stepping ~*~*~tactically~*~*~ (stealth).
  3628 | D:3      | 3628 ||| Stepping ~*~*~tactically~*~*~ (hiding).
  3632 | D:3      | 3632 ||| DRINKING 3 potions of curing.
  3632 | D:3      | 3632 ||| (to cure confusion)
  3633 | D:3      | 3633 ||| Stepping ~*~*~tactically~*~*~ (hiding).
  3708 | D:3      | 3708 ||| READING scroll labelled IRGHUINLEPEO.
  3709 | D:3      | 3709 ||| DRINKING 2 lumpy dark potions.
  3710 | D:3      | 3710 ||| READING 4 scrolls of identify.
  3710 | D:3      | 3710 ||| IDENTIFYING white potion
  3711 | D:3      | 3711 ||| READING 3 scrolls of identify.
  3711 | D:3      | 3711 ||| IDENTIFYING amethyst potion
  3712 | D:3      | 3712 ||| READING 2 scrolls of identify.
  3712 | D:3      | 3712 ||| IDENTIFYING green potion
  3716 | D:4      | 3716 ||| PLANNING SEWER
  3734 | D:4      | Reached skill level 5 in Unarmed Combat
  3734 | D:4      | Reached XP level 6. HP: 48/48 MP: 7/7
  3803 | D:4      | 3803 ||| Stepping ~*~*~tactically~*~*~ (stealth).
  3828 | D:4      | Found an opulent altar of Gozag.
  3834 | D:4      | Noticed an orc warrior
  3835 | D:4      | 3835 ||| Stepping ~*~*~tactically~*~*~ (hiding).
  3844 | D:4      | HP: 6/48 [orc warrior/+0 long sword (14)]
  3845 | D:4      | 3845 ||| READING 3 scrolls of teleportation.
  3845 | D:4      | Slain by an orc warrior

Levels and vault maps discovered:
D:1:      dpeg_arrival_shrine, layout_basic, basic_ecumenical_altar,
          chequers_serial_rivers_small_b
D:2:      layout_loops_cross, serial_shops, nicolae_shop_trees,
          kennysheep_cross_bottleneck, amcnicky_mini_rare_corridor_liquid
D:3:      layout_loops_ring, grunt_temple_overflow_open,
          corexii_item_surrounded_by_moat
D:4:      layout_loops_corners, gup_sewer_entry_spiral, serial_bayou_pond_b,
          minmay_ruined_shrine, uniq_pikel, uniq_sigmund

Skill      XL: |  1  2  3  4  5 |
---------------+----------------+-----
Unarmed Combat | 1 2 3 4 5 |  5.7
Fighting       | 1 2 |  2.0
Armour         | 1 |  1.1
Short Blades   | |  0.8
Dodging        | |  1.7
Stealth        | |  3.2
Spellcasting   | |  1.7
Hexes          | |  2.4

Action                   |  1- 3 |  4- 6 || total
-------------------------+-------+-------++-------
Melee: Unarmed           |   115 |   180 ||   295
       Punch             |     1 |     4 ||     5
  Use: Scroll            |     6 |     9 ||    15
       Potion            |       |     2 ||     2
Armor: Robe              |     8 |       ||     8
       Scale mail        |     7 |    19 ||    26
       Chain mail        |       |    68 ||    68
Dodge: Dodged            |    51 |    42 ||    93

Table legend:
 A = Non-vault XP
 B = Vault XP
 C = Vault XP percentage of total XP
 D = Non-vault monster count
 E = Vault monster count
 F = Vault count percentage of total count
                 A         B        C        D         E       F
            +---------+---------+-------+---------+---------+-------
      Total |     362 |      25 |   6.5 |      77 |       5 |   6.1
            +---------+---------+-------+---------+---------+-------
        D:1 |      48 |       0 |   0.0 |      25 |       0 |   0.0
        D:2 |      73 |       0 |   0.0 |      26 |       0 |   0.0
        D:3 |     143 |       0 |   0.0 |      23 |       0 |   0.0
        D:4 |      98 |      25 |  20.3 |       3 |       5 |  62.5
            +---------+---------+-------+---------+---------+-------
